 Dungeon Crawl Stone Soup version 0.30.1-9-gdf580d7c3d (webtiles) character file.

Game seed: 6201075743121324392

384 monsoonserge the Ducker (level 6, -6/48 HPs)
             Began as a Merfolk Gladiator on Oct 3, 2023.
             Mangled by an iguana (8 damage)
             ... on level 4 of the Dungeon.
             The game lasted 00:09:33 (2934 turns).

monsoonserge the Ducker (Merfolk Gladiator)         Turns: 2934, Time: 00:09:33

Health: -6/48      AC:  7    Str: 15    XL:     6   Next: 77%
Magic:  6/6        EV: 14    Int:  7    God:
Gold:   121        SH:  0    Dex: 17    Spells: 5/5 levels left

rFire   . . .        a - +1 spear (venom)
rCold   . . .        (no shield)
rNeg    . . .        f - +0 leather armour
rPois   .            c - +0 helmet
rElec   .            n - +0 cloak
rCorr   .            w - +1 pair of gloves {hurl}
SInv    .            (no boots)
Will    .....        (no amulet)
Stlth   ++           (no ring)
HPRegen 0.28/turn    (no ring)
MPRegen 0.10/turn

%: no passive effects
@: no status effects
A: (nimble swimmer 2), mertail
a: no special abilities


You were on level 4 of the Dungeon.
You visited 1 branch of the dungeon, and saw 4 of its levels.

You collected 121 gold pieces.

Inventory:

Hand Weapons
 a - a +1 spear of venom (weapon)
 b - a +0 sling
 m - a +0 long sword
 A - a +0 rapier
Missiles
 d - 3 throwing nets
 e - a javelin
 r - 4 silver boomerangs
 t - 3 poisoned darts (quivered)
Armour
 c - a +0 helmet (worn)
 f - a +0 leather armour (worn)
 n - a +0 cloak (worn)
 s - a +0 chain mail
 w - a +1 pair of gloves of hurling (worn)
 B - a +0 ring mail
Wands
 u - a wand of flame (15)
Scrolls
 h - a scroll of enchant weapon {unknown}
 k - 2 scrolls of identify {unknown}
 l - 2 scrolls of blinking {unknown}
 o - 2 scrolls of immolation {unknown}
 q - a scroll of torment {unknown}
 v - a scroll of teleportation {unknown}
 x - a scroll of fog {unknown}
 y - a scroll of silence {unknown}
Potions
 g - a potion of curing
 i - a potion of degeneration {unknown}
 j - a potion of ambrosia {unknown}
 p - a potion of flight {unknown}
 z - a potion of mutation {unknown}


   Skills:
 + Level 3.6 Fighting
 - Level 4.2 Long Blades
 + Level 3.2 Polearms
 + Level 2.1 Ranged Weapons
 + Level 2.2 Throwing
 + Level 1.6 Armour
 + Level 5.3 Dodging
 + Level 1.5 Stealth


You had 5 spell levels left.
You didn't know any spells.
Your spell library contained the following spells:

 Spells                   Type           Power      Damage    Failure   Level
 Portal Projectile        Hex/Tloc       0%         N/A       86%         3
 Tukima's Dance           Hex            0%         N/A       86%         3
 Blade Hands              Tmut           0%         N/A       100%        5
 Chain Lightning          Conj/Air       0%         N/A       100%        9
 Fire Storm               Conj/Fire      0%         5d1       100%        9
 Shatter                  Erth           0%         3d5*      100%        9


Dungeon Overview and Level Annotations

Branches:
Dungeon (4/15)
 Temple: D:4-7

Altars:

Shops:
D:1 !


Innate Abilities, Weirdness & Mutations

((You are very nimble when in or above water. (Stealth+, EV+, Speed+++)))
Your lower body shifts to a powerful aquatic tail in water.


Message History

You reach to attack!
You completely miss the iguana. The phantom hits you.
The phantom blinks!
You blink.
Unknown command.
You closely miss the iguana.
The phantom hits you but does no damage.
The iguana bites you.
* * * LOW HITPOINT WARNING * * *
Unknown command.
You hit the iguana but do no damage. The phantom completely misses you.
The iguana closely misses you.
You hit the iguana.
The iguana is poisoned.
The iguana is lightly wounded.
The phantom hits you but does no damage.
The iguana completely misses you.
You barely miss the phantom.
The phantom is severely damaged.
The phantom hits you.
* * * LOW HITPOINT WARNING * * *
The iguana misses you.
You barely miss the iguana.
The iguana is lightly wounded.
The phantom closely misses you. The iguana bites you.
* * * LOW HITPOINT WARNING * * *
Unknown command.
It was a potion of curing.
You feel better. The phantom barely misses you. The iguana bites you!
* * * LOW HITPOINT WARNING * * *
You barely miss the phantom.
The phantom is severely damaged.
The phantom hits you.
* * * LOW HITPOINT WARNING * * *
The iguana barely misses you.
You closely miss the phantom.
The phantom is severely damaged.
The phantom hits you but does no damage.
The iguana closely misses you.
You hit the iguana.
The iguana looks even sicker.
The iguana is moderately wounded.
The phantom completely misses you. The iguana bites you!
You die...

#.# ###.#####.#
..........####
#............#
#..#########.# #..
#######.####### #..
#.........[....
.#..#..###.#####.#######
.......@l....###.#
#.###...W..[.†...#
#.####.#.##### #.
#.#.### ##
##.####..†..## .<#
..........#..##...##
##...........)......
########.#.........
#.#.#.......


You could see a phantom and an iguana (very poisoned).

Vanquished Creatures
  A black bear (D:4)
  2 howler monkeys
  A hound (D:4)
  Terence (D:3)
  An iguana (D:4)
  3 adders
  An ufetubus (D:3)
  A worm (D:2)
  5 dart slugs
  7 orcs
  9 bats
  8 endoplasms
  6 giant cockroaches
  10 goblins
  9 hobgoblins
  3 jackals (D:4)
  4 kobolds
  A quokka (D:1)
  3 ball pythons
  A frilled lizard (D:1)
  6 rats
83 creatures vanquished.

Notes
Turn   | Place    | Note
-------+----------+-------------------------------------------
     0 | D:1      | monsoonserge the Merfolk Gladiator began the quest for the
                  | Orb.
     0 | D:1      | Reached XP level 1. HP: 16/16 MP: 1/1
   152 | D:1      | Reached XP level 2. HP: 22/22 MP: 2/2
   260 | D:1      | Found Dumue's Distillery.
   481 | D:1      | Reached XP level 3. HP: 28/28 MP: 3/3
  1158 | D:2      | Reached skill level 1 in Ranged Weapons
  1158 | D:2      | Reached XP level 4. HP: 26/34 MP: 4/4
  1254 | D:2      | Reached skill level 1 in Stealth
  1742 | D:3      | Noticed Terence
  1751 | D:3      | Killed Terence
  1814 | D:3      | Reached skill level 1 in Armour
  1814 | D:3      | Reached XP level 5. HP: 37/41 MP: 5/5
  1886 | D:3      | Reached skill level 5 in Dodging
  2342 | D:3      | Reached skill level 1 in Polearms
  2694 | D:4      | Noticed a black bear
  2705 | D:4      | Killed a black bear
  2706 | D:4      | Reached XP level 6. HP: 44/47 MP: 6/6
  2932 | D:4      | HP: 2/48 [phantom (4)]
  2934 | D:4      | Mangled by an iguana

Illustrated notes

Levels and vault maps discovered:
D:1:      dpeg_arrival_windows_large_door, layout_basic, serial_shops, shop
D:2:      layout_rooms, minmay_fractal_squares_5
D:3:      layout_basic, guppyfry_early_lair_pool, uniq_terence
D:4:      layout_loops_ring, uniq_robin

Skill      XL: |  1  2  3  4  5  6 |
---------------+-------------------+-----
Long Blades    | 4 |  4.2
Ranged Weapons | 1 2 |  2.1
Stealth        | 1 |  1.5
Fighting       | 3 |  3.6
Armour         | 1 |  1.6
Dodging        | 5 |  5.3
Polearms       | 2 3 |  3.2
Throwing       | |  2.2

Action                     |  1- 3 |  4- 6 || total
---------------------------+-------+-------++-------
  Melee: Long sword        |    95 |    14 ||   109
         Spear             |       |   155 ||   155
         Punch             |       |     1 ||     1
   Fire: Sling             |    36 |    28 ||    64
  Throw: Dart              |       |     3 ||     3
    Use: Potion            |       |     1 ||     1
 Armour: Leather armour    |    53 |    40 ||    93
         Chain mail        |     2 |       ||     2
  Dodge: Dodged            |   119 |   116 ||   235
